Build Orders - Match 35291995 - cohdb - Company of Heroes 3 Replays
cohdb
Replays
Latest Replays
All Replays
Popular Replays
Top Player Replays
Match Explorer
How It Works
Community
CoH3 Stats
Reddit
Sign in to upload your games and track your stats! →
Sign in with Steam
Match 35291995
Unlisted
Match 35291995
Overview
Messages
Build Orders
End
Kradschützen Motorcycle Team
Selects Italian Combined Arms Battlegroup
Selects Bersaglieri Squad
Bersaglieri Squad
Bersaglieri Squad
Construct Light Support Kompanie
MG34 Team
Selects Bersaglieri Bolster
Bersaglieri Squad
Fire Support Elements
2.5-tonne Medical Truck
Construct Panzerarmee Kommand
Selects Breda Model 30 Light Machine Guns
le.IG 18 Support Gun Team
Armored Reserves
Panzerpioneer Squad
Forward Retreat Point
Selects Semovente da 75/18 Assault Gun
Selects Strafing Run
Strafing Run
Pak 38 Anti-tank Gun Team
Strafing Run
Selects Artillery Cover
Tiger Heavy Tank
2.5-tonne Medical Truck
Artillery Cover
Bersaglieri Squad
Forward Retreat Point
Tiger Heavy Tank
BES2
Supah-Pirate Slugga Boy
Kwarzym
Janeriksen
Soultaker08
HusarPL
Trueno
Dremel
0
0
Comments
sign in to comment!
No comments posted yet!